cohdb
Replays
Latest Replays
All Replays
Popular Replays
Top Player Replays
Match Explorer
How It Works
Community
CoH3 Stats
Reddit
Sign in to upload your games and track your stats! →
Sign in with Steam
Match 42950205
Unlisted
Match 42950205
Overview
Messages
Build Orders
End
Royal Engineer Section
Construct Section Command Post
Selects Indian Artillery Battlegroup
Selects Indian Artillery Battlegroup
Infantry Section
Infantry Section
Infantry Section
Construct Platoon Command Post
Selects War Cry
Unlock M3 Stuart Light Tanks
M3 Stuart Light Tank
Selects Gurkha Rifles Section
Infantry Training
Gurkha Rifles Section
6-pounder Anti-tank Gun Team
Construct Company Command Post
Selects Volunteer Infantry
Selects Artillery Saturation
Crusader II Medium Tank
Crusader II Medium Tank
Selects Off-map Airburst Barrage
Crusader II Medium Tank
Off-map Airburst Barrage
Selects BL5.5 Artillery Emplacement
Crusader II Medium Tank
Off-map Airburst Barrage
Armored Vehicle Training
Grenade Package
Crusader II Medium Tank
STALKER4732
ezh
kit.ohume
Devochkin
OrangeLightning
Scorpionking
Overby
十三将士归玉门
0
0
Comments
sign in to comment!
No comments posted yet!